Oilers vs Senateurs
Created - December 11, 2023 at 21:48
Goals
|
| Oilers |
0 |
1 |
3 |
4 |
| Senateurs |
1 |
2 |
0 |
3 |
|
Shots
|
| Oilers |
7 |
10 |
20 |
37 |
| Senateurs |
13 |
16 |
10 |
39 |
|
1st period
1. Senateurs , David Backes 13 (Derick Brassard 15, Brandon Sutter 17) at 7:40
Penalties :
Brady Skjei (Edm) for Holding (Minor) at 10:56
2nd period
2. Senateurs , David Backes 14 (Derick Brassard 16, Erik Gudbranson 8) at 6:15
3. Senateurs , Mark Stuart 1 (Brandon Sutter 18, Derick Brassard 17) at 7:56
4. Oilers , Zach Hyman 3 (Tyler Bertuzzi 3) at 14:08
Penalties :
Connor Brown (Edm) for Roughing (Minor) at 15:56, Tyler Bertuzzi (Edm) for Hooking (Minor) at 18:37
3rd period
5. Oilers , Ryan Nugent-Hopkins 7 (Timo Meier 4, Leon Draisaitl 8) at 5:11 (PP)
6. Oilers , Tyler Bertuzzi 3 (Frederik Gauthier 5, Marcus Pettersson 6) at 14:00
7. Oilers , Brady Skjei 4 (Jeff Schultz 2, Timo Meier 5) at 15:36
Penalties :
Braydon Coburn (Ott) for Hooking (Minor) at 4:52, Timo Meier (Edm) for High sticking (Minor) at 11:28
Goalie Stats
Carter Hart (Edm), 36 saves from 39 shots - (0.923), W, 12-7-0, 60:00 minutes
Martin Jones (Ott), 33 saves from 37 shots - (0.892), L, 10-10-1, 59:00 minutes
Players Stats for Oilers
Player Name G A P +/- PIM S H SB GA TA FO MP PP MP PK MP
------------------------------------------------------------------------------------
Anton Slepyshev 0 0 0 0 0 1 0 0 0 0 0/0 8:03 0:00 1:27
Brady Skjei 1 0 1 0 2 4 1 2 0 1 0/0 22:52 0:00 2:46
Connor Brown 0 0 0 -2 2 3 1 1 1 0 2/4 20:51 0:00 0:00
Connor McDavid 0 0 0 -2 0 2 1 2 0 2 13/25 21:57 0:00 0:51
Dalton Prout 0 0 0 0 0 3 1 0 0 1 0/0 19:26 0:00 4:10
Darnell Nurse 0 0 0 -1 0 1 0 0 0 0 0/0 21:20 0:19 4:28
Frederik Gauthier 0 1 1 3 0 2 0 0 0 0 10/12 13:23 0:00 2:29
Jake Virtanen 0 0 0 0 0 0 0 0 0 0 0/0 6:36 0:00 0:00
Jeff Schultz 0 1 1 -1 0 0 1 1 0 2 0/0 26:25 0:19 2:57
Kyle Clifford 0 0 0 -2 0 3 2 1 1 0 1/2 25:03 0:00 3:57
Leon Draisaitl 0 1 1 -1 0 2 1 0 0 0 9/13 16:59 0:19 2:32
Marcus Pettersson 0 1 1 1 0 1 2 1 0 2 0/0 15:47 0:00 1:31
Mark Jankowski 0 0 0 0 0 0 0 0 0 0 2/2 6:36 0:00 0:00
Mattias Ekholm 0 0 0 1 0 0 1 0 0 0 0/0 14:16 0:00 0:00
Ryan Nugent-Hopkins 1 0 1 -1 0 8 2 0 0 1 3/7 18:04 0:19 4:36
Timo Meier 0 2 2 -1 2 3 1 0 0 0 1/2 13:41 0:19 0:00
Tyler Bertuzzi 1 1 2 3 2 3 2 0 0 0 0/0 10:46 0:00 0:00
Zach Hyman 1 0 1 3 0 1 0 0 1 0 0/0 9:55 0:00 0:00
Players Stats for Senateurs
Player Name G A P +/- PIM S H SB GA TA FO MP PP MP PK MP
------------------------------------------------------------------------------------
Brandon Dubinsky 0 0 0 0 0 1 3 0 1 0 1/10 10:15 0:15 0:00
Brandon Sutter 0 2 2 2 0 5 2 1 0 0 14/29 24:15 3:21 0:00
Braydon Coburn 0 0 0 0 2 1 1 0 1 0 0/0 20:42 3:15 0:00
David Backes 2 0 2 2 0 7 2 0 0 1 1/2 24:16 3:19 0:00
Dennis Everberg 0 0 0 -1 0 0 3 0 0 0 0/0 7:52 0:43 0:00
Derick Brassard 0 3 3 2 0 6 4 1 1 0 0/0 24:15 3:21 0:00
Dmitry Sinitsyn 0 0 0 0 0 0 0 0 1 1 0/0 13:46 0:17 0:00
Eric Gelinas 0 0 0 0 0 2 1 1 1 0 0/0 25:31 4:24 0:19
Erik Gudbranson 0 1 1 0 0 1 1 2 0 0 0/0 25:31 4:24 0:19
Erik Haula 0 0 0 -1 0 3 2 0 0 0 7/20 17:43 3:45 0:19
Jordan Martinook 0 0 0 -1 0 5 0 3 1 1 1/3 17:43 3:45 0:19
Kyle Rau 0 0 0 -1 0 0 0 0 0 0 2/2 7:06 0:00 0:00
Mark Stuart 1 0 1 0 0 1 3 0 1 0 0/0 20:43 3:15 0:00
Michael Frolik 0 0 0 -1 0 3 2 0 1 0 0/0 17:24 3:45 0:00
Riley Sheahan 0 0 0 0 0 0 0 1 0 0 0/0 10:50 0:44 0:00
Rostislav Olesz 0 0 0 0 0 1 0 0 0 0 0/0 10:56 0:50 0:00
Taylor Chorney 0 0 0 0 0 0 0 1 1 0 0/0 13:46 0:17 0:00
Tim Schaller 0 0 0 -1 0 3 0 0 0 0 0/1 7:06 0:00 0:00
3 Stars
1 - David Backes (Ott)
2 - Derick Brassard (Ott)
3 - Tyler Bertuzzi (Edm)
Power Play
Oilers - 1 on 1 Attempt(s) - 100.00%
Senateurs - 0 on 4 Attempt(s) - 0.00%
Penalty Kill
Oilers - 4 on 4 Attempt(s) - 100.00%
- Score 0 goal in Penalty Kill
Senateurs - 0 on 1 Attempt(s) - 0.00%
- Score 0 goal in Penalty Kill
Team Stat
Oilers - Hits : 16 - Faceoff Wins : 41 - Blocked Shots : 8 - Penalty Minutes : 8
Senateurs - Hits : 24 - Faceoff Wins : 26 - Blocked Shots : 10 - Penalty Minutes : 2
Official
Referees : Frederick L'Ecuyer and TJ Luxmore
Linesman : Kiel Murchison and Brian Mach
Game Notes
No Game Note
Finance
Level 1 -- Attendance: 6000 (100.00%) -- Ticket Income $600,000
Level 2 -- Attendance: 5000 (100.00%) -- Ticket Income $300,000
Level 3 -- Attendance: 2000 (100.00%) -- Ticket Income $70,000
Level 4 -- Attendance: 4000 (100.00%) -- Ticket Income $100,000
Luxury Box -- Attendance: 1000 (100.00%) -- Ticket Income $200,000
Game was played at the Centre Canadian Tire.
Total Attendance: 18000 (100.00%)
Total Ticket Income: $1,270,000
Other Income: $190,500
Total Income: $1,460,500
Oilers
5 vs 5 Forward
Center Left Wing Right Wing Time % Phy DF OF
1 Connor McDavid Kyle Clifford Connor Brown 40 1 2 2
2 Leon Draisaitl Ryan Nugent-Hopkins Timo Meier 30 1 2 2
3 Frederik Gauthier Tyler Bertuzzi Zach Hyman 20 1 2 2
4 Mark Jankowski Anton Slepyshev Jake Virtanen 10 1 2 2
5 vs 5 Defense
Defense Defense Time % Phy DF OF
1 Brady Skjei Jeff Schultz 40 1 2 2
2 Darnell Nurse Dalton Prout 30 1 2 2
3 Marcus Pettersson Mattias Ekholm 20 1 2 2
4 Jeff Schultz Darnell Nurse 10 1 2 2
PowerPlay Forward
Center Left Wing Right Wing Time % Phy DF OF
1 Connor McDavid Kyle Clifford Connor Brown 60 0 2 3
2 Leon Draisaitl Ryan Nugent-Hopkins Timo Meier 40 0 2 3
PowerPlay Defense
Defense Defense Time % Phy DF OF
1 Brady Skjei Marcus Pettersson 60 0 2 3
2 Jeff Schultz Darnell Nurse 40 0 2 3
Penalty Kill 4 Players Forward
Center Wing Time % Phy DF OF
1 Ryan Nugent-Hopkins Kyle Clifford 60 0 4 1
2 Frederik Gauthier Leon Draisaitl 40 0 4 1
Penalty Kill 4 Players Defense
Defense Defense Time % Phy DF OF
1 Brady Skjei Darnell Nurse 60 0 5 0
2 Jeff Schultz Dalton Prout 40 0 5 0
Penalty Kill - 3 Players Forward
Forward Time % Phy DF OF
1 Connor McDavid 60 0 5 0
2 Ryan Nugent-Hopkins 40 0 5 0
Penalty Kill - 3 Players Defense
Defense Defense Time % Phy DF OF
1 Brady Skjei Darnell Nurse 60 0 5 0
2 Jeff Schultz Dalton Prout 40 0 5 0
4 vs 4 Forward
Center Wing Time % Phy DF OF
1 Connor McDavid Kyle Clifford 60 1 2 2
2 Ryan Nugent-Hopkins Leon Draisaitl 40 1 2 2
4 vs 4 Defense
Defense Defense Time % Phy DF OF
1 Brady Skjei Darnell Nurse 60 1 2 2
2 Jeff Schultz Dalton Prout 40 1 2 2
Last Minutes Offensive
Center Left Wing Right Wing Defense Defense
Connor McDavid Kyle Clifford Connor Brown Brady Skjei Darnell Nurse
Last Minutes Defensive
Center Left Wing Right Wing Defense Defense
Connor McDavid Kyle Clifford Connor Brown Brady Skjei Darnell Nurse
Goaltenders
Starting : Carter Hart
Backup : Mikko Koskinen
Extra Forwards
Normal : Ryan Nugent-Hopkins, Tyler Bertuzzi, Zach Hyman - PP : Ryan Nugent-Hopkins, Tyler Bertuzzi - PK : Ryan Nugent-Hopkins
Extra Defensemen
Normal : Jeff Schultz, Marcus Pettersson, Mattias Ekholm - PP : Dalton Prout - PK : Dalton Prout, Marcus Pettersson
Penalty Shots
Connor McDavid, Kyle Clifford, Connor Brown, Leon Draisaitl, Ryan Nugent-Hopkins
Custom OT Lines Forwards
Connor McDavid, Kyle Clifford, Connor Brown, Leon Draisaitl, Ryan Nugent-Hopkins, Tyler Bertuzzi, Zach Hyman, Frederik Gauthier, Jake Virtanen, Anton Slepyshev
Custom OT Lines Defensemen
Brady Skjei, Darnell Nurse, Jeff Schultz, Dalton Prout, Marcus Pettersson
Scratches
C.J. Smith (Right Forearm Injury)
Senateurs
5 vs 5 Forward
Center Left Wing Right Wing Time % Phy DF OF
1 Brandon Sutter Derick Brassard David Backes 40 0 2 3
2 Erik Haula Jordan Martinook Michael Frolik 30 1 2 2
3 Brandon Dubinsky Rostislav Olesz Riley Sheahan 20 1 2 2
4 Kyle Rau Tim Schaller Dennis Everberg 10 1 2 2
5 vs 5 Defense
Defense Defense Time % Phy DF OF
1 Erik Gudbranson Eric Gelinas 40 1 2 2
2 Mark Stuart Braydon Coburn 35 1 2 2
3 Taylor Chorney Dmitry Sinitsyn 25 1 2 2
4 Erik Gudbranson Eric Gelinas 0 1 2 2
PowerPlay Forward
Center Left Wing Right Wing Time % Phy DF OF
1 Brandon Sutter Derick Brassard David Backes 60 0 1 4
2 Erik Haula Jordan Martinook Michael Frolik 40 0 1 4
PowerPlay Defense
Defense Defense Time % Phy DF OF
1 Erik Gudbranson Eric Gelinas 60 0 1 4
2 Mark Stuart Braydon Coburn 40 0 1 4
Penalty Kill 4 Players Forward
Center Wing Time % Phy DF OF
1 Brandon Sutter Derick Brassard 50 1 3 1
2 Erik Haula Jordan Martinook 50 1 3 1
Penalty Kill 4 Players Defense
Defense Defense Time % Phy DF OF
1 Erik Gudbranson Eric Gelinas 50 1 3 1
2 Mark Stuart Braydon Coburn 50 1 3 1
Penalty Kill - 3 Players Forward
Forward Time % Phy DF OF
1 Brandon Sutter 50 1 4 0
2 Erik Haula 50 1 4 0
Penalty Kill - 3 Players Defense
Defense Defense Time % Phy DF OF
1 Erik Gudbranson Eric Gelinas 50 1 4 0
2 Mark Stuart Braydon Coburn 50 1 4 0
4 vs 4 Forward
Center Wing Time % Phy DF OF
1 Brandon Sutter Derick Brassard 60 0 2 3
2 Erik Haula Jordan Martinook 40 1 2 2
4 vs 4 Defense
Defense Defense Time % Phy DF OF
1 Erik Gudbranson Eric Gelinas 60 1 2 2
2 Mark Stuart Braydon Coburn 40 1 2 2
Last Minutes Offensive
Center Left Wing Right Wing Defense Defense
Brandon Sutter Derick Brassard David Backes Erik Gudbranson Eric Gelinas
Last Minutes Defensive
Center Left Wing Right Wing Defense Defense
Brandon Sutter Derick Brassard David Backes Erik Gudbranson Eric Gelinas
Goaltenders
Starting : Martin Jones
Backup : Jaroslav Halak
Extra Forwards
Normal : Michael Frolik, Riley Sheahan, Brandon Dubinsky - PP : Michael Frolik, Riley Sheahan - PK : Michael Frolik
Extra Defensemen
Normal : Braydon Coburn, Taylor Chorney, Dmitry Sinitsyn - PP : Braydon Coburn - PK : Braydon Coburn, Taylor Chorney
Penalty Shots
Derick Brassard, Brandon Sutter, Erik Haula, David Backes, Michael Frolik
Custom OT Lines Forwards
Derick Brassard, Brandon Sutter, Erik Haula, David Backes, Michael Frolik, Riley Sheahan, Brandon Dubinsky, Jordan Martinook, Rostislav Olesz, Dennis Everberg
Custom OT Lines Defensemen
Erik Gudbranson, Eric Gelinas, Mark Stuart, Braydon Coburn, Taylor Chorney
Scratches
Cody Eakin (Healthy), Garnet Hathaway (Healthy), Ladislav Smid (Sports Hernia Injury), Zemgus Girgensons (Healthy)
% Time on Ice - Oilers
Lines # - Real PCT - Wanted PCT - Time Play
Normal Forward
1 - 39% - 40% - 20:00
2 - 28% - 30% - 14:08
3 - 20% - 20% - 9:55
4 - 13% - 10% - 6:36
Normal Defense
1 - 38% - 40% - 19:27
2 - 29% - 30% - 14:43
3 - 28% - 20% - 14:16
4 - 4% - 10% - 2:13
PP Forward
1 - 0% - 60% - 0:00
2 - 100% - 40% - 0:19
PP Defense
1 - 0% - 60% - 0:00
2 - 100% - 40% - 0:19
PK Forward
1 - 74% - 60% - 5:51
2 - 26% - 40% - 2:05
PK Defense
1 - 61% - 60% - 4:48
2 - 39% - 40% - 3:08
PK3 Forward
1 - 0% - 60%
2 - 0% - 40%
PK3 Defense
1 - 0% - 60%
2 - 0% - 40%
44 Forward
1 - 0% - 60%
2 - 0% - 40%
44 Defense
1 - 0% - 60%
2 - 0% - 40%
Last Minute Offensive - 0:00
Last Minute Defensive - 1:06
Total
Forward - 60:00
Defense - 60:00
|
% Time on Ice - Senateurs
Lines # - Real PCT - Wanted PCT - Time Play
Normal Forward
1 - 39% - 40% - 19:58
2 - 27% - 30% - 13:39
3 - 20% - 20% - 9:52
4 - 14% - 10% - 7:06
Normal Defense
1 - 40% - 40% - 20:06
2 - 35% - 35% - 17:28
3 - 26% - 25% - 13:01
4 - 0% - 0% - 0:00
PP Forward
1 - 53% - 60% - 4:11
2 - 47% - 40% - 3:45
PP Defense
1 - 59% - 60% - 4:41
2 - 41% - 40% - 3:15
PK Forward
1 - 0% - 50% - 0:00
2 - 100% - 50% - 0:19
PK Defense
1 - 100% - 50% - 0:19
2 - 0% - 50% - 0:00
PK3 Forward
1 - 0% - 50%
2 - 0% - 50%
PK3 Defense
1 - 0% - 50%
2 - 0% - 50%
44 Forward
1 - 0% - 60%
2 - 0% - 40%
44 Defense
1 - 0% - 60%
2 - 0% - 40%
Last Minute Offensive - 1:10
Last Minute Defensive - 0:00
Total
Forward - 60:00
Defense - 60:00
|
Play-by-Play
1st period
0:01 of 1st period - Brandon Sutter wins face-off versus Connor McDavid in neutral zone.
0:11 of 1st period - Wrist shot by Derick Brassard.
0:11 of 1st period - Stopped by Carter Hart with a rebound.
0:48 of 1st period - Snap shot by Zach Hyman.
0:48 of 1st period - Deflect By Tyler Bertuzzi.
0:48 of 1st period - Stopped by Martin Jones without a rebound.
0:49 of 1st period - Frederik Gauthier wins face-off versus Brandon Dubinsky in Senateurs zone.
0:52 of 1st period - Wrist shot by Tyler Bertuzzi.
0:52 of 1st period - Shot Misses the Net.
1:22 of 1st period - Slapshot by Riley Sheahan.
1:22 of 1st period - Deflect By Rostislav Olesz.
1:22 of 1st period - Shot Blocked by Marcus Pettersson.
1:22 of 1st period - Puck is out of play.
1:23 of 1st period - Brandon Sutter wins face-off versus Connor McDavid in Oilers zone.
1:26 of 1st period - Snap shot by David Backes.
1:26 of 1st period - Stopped by Carter Hart without a rebound.
1:27 of 1st period - Connor McDavid wins face-off versus Brandon Sutter in Oilers zone.
1:27 of 1st period - Connor McDavid is hit by Brandon Sutter.
1:41 of 1st period - David Backes is hit by Kyle Clifford and loses puck.
1:56 of 1st period - Jordan Martinook is hit by Leon Draisaitl and loses puck.
2:19 of 1st period - Mattias Ekholm is hit by Dennis Everberg.
4:17 of 1st period - Wrist shot by David Backes.
4:17 of 1st period - Deflect By Derick Brassard.
4:17 of 1st period - Stopped by Carter Hart with a rebound.
5:28 of 1st period - Marcus Pettersson is hit by Dennis Everberg and loses puck.
6:06 of 1st period - Connor Brown is hit by Brandon Dubinsky and loses puck.
6:25 of 1st period - Brady Skjei is hit by Erik Haula and loses puck.
7:05 of 1st period - Slapshot by Tim Schaller.
7:05 of 1st period - Stopped by Carter Hart without a rebound.
7:06 of 1st period - Erik Haula wins face-off versus Connor McDavid in Oilers zone.
7:40 of 1st period - Wrist shot by David Backes.
7:40 of 1st period - Goal by David Backes - Oilers : 0 - Senateurs : 1.
7:41 of 1st period - Connor McDavid wins face-off versus Brandon Sutter in neutral zone.
7:44 of 1st period - Snap shot by Connor Brown.
7:44 of 1st period - Shot Misses the Net.
8:08 of 1st period - Eric Gelinas is hit by Timo Meier.
9:14 of 1st period - Snap shot by Kyle Clifford.
9:14 of 1st period - Shot Misses the Net.
9:34 of 1st period - Off-side.
9:35 of 1st period - Erik Haula wins face-off versus Timo Meier in neutral zone.
9:38 of 1st period - Marcus Pettersson is hit by Michael Frolik and loses puck.
9:58 of 1st period - Icing by Mattias Ekholm.
9:59 of 1st period - Brandon Dubinsky wins face-off versus Connor Brown in Oilers zone.
10:00 of 1st period - Slapshot by Erik Gudbranson.
10:00 of 1st period - Stopped by Carter Hart with a rebound.
10:02 of 1st period - Snap shot by Riley Sheahan.
10:02 of 1st period - Shot Misses the Net.
10:04 of 1st period - Slapshot by Erik Gudbranson.
10:04 of 1st period - Shot Misses the Net.
10:06 of 1st period - Slapshot by Rostislav Olesz.
10:06 of 1st period - Stopped by Carter Hart with a rebound.
10:08 of 1st period - Slapshot by Eric Gelinas.
10:08 of 1st period - Stopped by Carter Hart without a rebound.
10:09 of 1st period - Connor McDavid wins face-off versus Brandon Sutter in Oilers zone.
10:56 of 1st period - Minor Penalty to Brady Skjei for Holding.
10:57 of 1st period - Ryan Nugent-Hopkins wins face-off versus Brandon Sutter in Oilers zone.
11:34 of 1st period - Wrist shot by Leon Draisaitl.
11:34 of 1st period - Shot Blocked by Jordan Martinook.
12:11 of 1st period - Off-side.
12:12 of 1st period - Brandon Sutter wins face-off versus Ryan Nugent-Hopkins in neutral zone.
12:23 of 1st period - Wrist shot by Erik Haula.
12:23 of 1st period - Deflect By Jordan Martinook.
12:23 of 1st period - Shot Blocked by Jeff Schultz.
12:23 of 1st period - Puck is out of play.
12:24 of 1st period - Frederik Gauthier wins face-off versus Erik Haula in Oilers zone.
12:56 of 1st period - Penalty to Brady Skjei is over, Brady Skjei is back on ice.
13:02 of 1st period - Snap shot by Derick Brassard.
13:02 of 1st period - Stopped by Carter Hart without a rebound.
13:03 of 1st period - Frederik Gauthier wins face-off versus Brandon Dubinsky in Oilers zone.
13:03 of 1st period - Frederik Gauthier is hit by Brandon Dubinsky.
13:21 of 1st period - Marcus Pettersson is hit by Mark Stuart and loses puck.
14:13 of 1st period - Jake Virtanen is hit by Braydon Coburn and loses puck.
14:56 of 1st period - Brandon Sutter is hit by Kyle Clifford and loses puck.
15:15 of 1st period - Slapshot by Brady Skjei.
15:15 of 1st period - Shot Misses the Net.
15:23 of 1st period - Erik Haula is hit by Ryan Nugent-Hopkins and loses puck.
16:07 of 1st period - Snap shot by Michael Frolik.
16:07 of 1st period - Deflect By Erik Haula.
16:07 of 1st period - Stopped by Carter Hart with a rebound.
16:23 of 1st period - Snap shot by Kyle Clifford.
16:23 of 1st period - Stopped by Martin Jones with a rebound.
16:37 of 1st period - Snap shot by Jordan Martinook.
16:37 of 1st period - Shot Misses the Net.
16:47 of 1st period - Snap shot by Michael Frolik.
16:47 of 1st period - Stopped by Carter Hart without a rebound.
16:48 of 1st period - Brandon Sutter wins face-off versus Leon Draisaitl in Oilers zone.
17:15 of 1st period - Erik Gudbranson is hit by Marcus Pettersson and loses puck.
17:22 of 1st period - Wrist shot by Anton Slepyshev.
17:22 of 1st period - Deflect By Jake Virtanen.
17:22 of 1st period - Shot Blocked by Erik Gudbranson.
17:22 of 1st period - Puck is out of play.
17:23 of 1st period - Connor McDavid wins face-off versus Brandon Dubinsky in Senateurs zone.
17:49 of 1st period - Mattias Ekholm is hit by Dennis Everberg and loses puck.
18:02 of 1st period - Wrist shot by Kyle Rau.
18:02 of 1st period - Shot Misses the Net.
18:50 of 1st period - Slapshot by Tim Schaller.
18:50 of 1st period - Deflect By Dennis Everberg.
18:50 of 1st period - Shot Misses the Net.
18:50 of 1st period - Puck is out of play.
18:51 of 1st period - Kyle Rau wins face-off versus Connor McDavid in Oilers zone.
18:58 of 1st period - Wrist shot by Kyle Rau.
18:58 of 1st period - Shot Blocked by Connor Brown.
19:00 of 1st period - Backhand shot by Tim Schaller.
19:00 of 1st period - Stopped by Carter Hart with a rebound.
19:02 of 1st period - Wrist shot by Tim Schaller.
19:02 of 1st period - Stopped by Carter Hart with a rebound.
19:23 of 1st period - Connor McDavid is hit by Michael Frolik and loses puck.
19:45 of 1st period - Snap shot by Dalton Prout.
19:45 of 1st period - Stopped by Martin Jones with a rebound.
19:47 of 1st period - Wrist shot by Timo Meier.
19:47 of 1st period - Stopped by Martin Jones with a rebound.
19:49 of 1st period - Slapshot by Ryan Nugent-Hopkins.
19:49 of 1st period - Stopped by Martin Jones with a rebound.
19:51 of 1st period - Snap shot by Darnell Nurse.
19:51 of 1st period - Stopped by Martin Jones with a rebound.
19:53 of 1st period - Slapshot by Dalton Prout.
19:53 of 1st period - Stopped by Martin Jones with a rebound.
Goals for this period are 0 for Oilers vs 1 for Senateurs.
Shots for this period are 7 for Oilers vs 13 for Senateurs.
2nd period
0:01 of 2nd period - Brandon Sutter wins face-off versus Connor McDavid in neutral zone.
2:03 of 2nd period - Snap shot by Kyle Rau.
2:03 of 2nd period - Deflect By Erik Haula.
2:03 of 2nd period - Shot Misses the Net.
2:03 of 2nd period - Puck is out of play.
2:04 of 2nd period - Jordan Martinook wins face-off versus Leon Draisaitl in Oilers zone.
2:17 of 2nd period - Wrist shot by Jordan Martinook.
2:17 of 2nd period - Stopped by Carter Hart without a rebound.
2:18 of 2nd period - Connor McDavid wins face-off versus Brandon Sutter in Oilers zone.
2:56 of 2nd period - Wrist shot by Jordan Martinook.
2:56 of 2nd period - Stopped by Carter Hart without a rebound.
2:57 of 2nd period - Connor McDavid wins face-off versus Brandon Sutter in Oilers zone.
3:32 of 2nd period - Wrist shot by Riley Sheahan.
3:32 of 2nd period - Shot Blocked by Brady Skjei.
4:11 of 2nd period - Icing by Jeff Schultz.
4:12 of 2nd period - Mark Jankowski wins face-off versus Brandon Sutter in Oilers zone.
4:26 of 2nd period - Darnell Nurse is hit by David Backes and loses puck.
4:36 of 2nd period - Off-side.
4:37 of 2nd period - Erik Haula wins face-off versus Connor McDavid in neutral zone.
4:46 of 2nd period - Wrist shot by Michael Frolik.
4:46 of 2nd period - Shot Misses the Net.
4:48 of 2nd period - Snap shot by Jordan Martinook.
4:48 of 2nd period - Shot Blocked by Connor McDavid.
4:50 of 2nd period - Wrist shot by Eric Gelinas.
4:50 of 2nd period - Stopped by Carter Hart without a rebound.
4:51 of 2nd period - Connor McDavid wins face-off versus Brandon Sutter in Oilers zone.
4:59 of 2nd period - Icing by Connor Brown.
5:00 of 2nd period - Connor McDavid wins face-off versus Brandon Sutter in Oilers zone.
5:33 of 2nd period - Snap shot by Connor Brown.
5:33 of 2nd period - Shot Misses the Net.
5:35 of 2nd period - Wrist shot by Kyle Clifford.
5:35 of 2nd period - Stopped by Martin Jones with a rebound.
6:15 of 2nd period - Wrist shot by David Backes.
6:15 of 2nd period - Goal by David Backes - Oilers : 0 - Senateurs : 2.
6:16 of 2nd period - Leon Draisaitl wins face-off versus Erik Haula in neutral zone.
7:33 of 2nd period - Icing by Marcus Pettersson.
7:34 of 2nd period - Mark Jankowski wins face-off versus Jordan Martinook in Oilers zone.
7:38 of 2nd period - Off-side.
7:39 of 2nd period - Brandon Sutter wins face-off versus Connor Brown in neutral zone.
7:52 of 2nd period - Snap shot by Derick Brassard.
7:52 of 2nd period - Stopped by Carter Hart with a rebound.
7:54 of 2nd period - Snap shot by Brandon Sutter.
7:54 of 2nd period - Stopped by Carter Hart with a rebound.
7:56 of 2nd period - Slapshot by Mark Stuart.
7:56 of 2nd period - Goal by Mark Stuart - Oilers : 0 - Senateurs : 3.
7:57 of 2nd period - Connor McDavid wins face-off versus Brandon Sutter in neutral zone.
8:04 of 2nd period - Wrist shot by Connor Brown.
8:04 of 2nd period - Stopped by Martin Jones with a rebound.
8:06 of 2nd period - Slapshot by Brady Skjei.
8:06 of 2nd period - Stopped by Martin Jones with a rebound.
8:08 of 2nd period - Wrist shot by Kyle Clifford.
8:08 of 2nd period - Deflect By Connor Brown.
8:08 of 2nd period - Stopped by Martin Jones without a rebound.
8:09 of 2nd period - Brandon Sutter wins face-off versus Connor McDavid in Senateurs zone.
8:15 of 2nd period - Off-side.
8:16 of 2nd period - Kyle Clifford wins face-off versus David Backes in neutral zone.
8:45 of 2nd period - Wrist shot by Kyle Clifford.
8:45 of 2nd period - Shot Blocked by Derick Brassard.
8:48 of 2nd period - Icing by Derick Brassard.
8:49 of 2nd period - Brandon Sutter wins face-off versus Leon Draisaitl in Senateurs zone.
8:54 of 2nd period - Timo Meier is hit by David Backes and loses puck.
8:59 of 2nd period - Snap shot by Derick Brassard.
8:59 of 2nd period - Stopped by Carter Hart with a rebound.
9:01 of 2nd period - Wrist shot by David Backes.
9:01 of 2nd period - Shot Misses the Net.
9:56 of 2nd period - Snap shot by David Backes.
9:56 of 2nd period - Shot Misses the Net.
9:58 of 2nd period - Wrist shot by David Backes.
9:58 of 2nd period - Deflect By Brandon Sutter.
9:58 of 2nd period - Stopped by Carter Hart without a rebound.
9:59 of 2nd period - Connor McDavid wins face-off versus Jordan Martinook in Oilers zone.
10:08 of 2nd period - Slapshot by Jordan Martinook.
10:08 of 2nd period - Shot Misses the Net.
10:12 of 2nd period - Snap shot by Erik Haula.
10:12 of 2nd period - Stopped by Carter Hart without a rebound.
10:13 of 2nd period - Connor McDavid wins face-off versus Brandon Dubinsky in Oilers zone.
10:13 of 2nd period - Connor McDavid is hit by Erik Gudbranson.
10:20 of 2nd period - Off-side.
10:21 of 2nd period - Connor Brown wins face-off versus Brandon Dubinsky in neutral zone.
10:41 of 2nd period - Snap shot by Brandon Dubinsky.
10:41 of 2nd period - Stopped by Carter Hart without a rebound.
10:42 of 2nd period - Erik Haula wins face-off versus Frederik Gauthier in Oilers zone.
10:49 of 2nd period - Slapshot by Darnell Nurse.
10:49 of 2nd period - Shot Blocked by Jordan Martinook.
10:51 of 2nd period - Slapshot by Frederik Gauthier.
10:51 of 2nd period - Stopped by Martin Jones without a rebound.
10:52 of 2nd period - Frederik Gauthier wins face-off versus Erik Haula in Senateurs zone.
10:55 of 2nd period - Wrist shot by Tyler Bertuzzi.
10:55 of 2nd period - Shot Misses the Net.
10:57 of 2nd period - Snap shot by Tyler Bertuzzi.
10:57 of 2nd period - Stopped by Martin Jones without a rebound.
10:58 of 2nd period - Erik Haula wins face-off versus Connor McDavid in Senateurs zone.
11:05 of 2nd period - Kyle Clifford is hit by Erik Haula.
11:25 of 2nd period - David Backes is hit by Brady Skjei and loses puck.
12:22 of 2nd period - Snap shot by Leon Draisaitl.
12:22 of 2nd period - Shot Misses the Net.
12:24 of 2nd period - Wrist shot by Timo Meier.
12:24 of 2nd period - Stopped by Martin Jones with a rebound.
12:26 of 2nd period - Slapshot by Timo Meier.
12:26 of 2nd period - Deflect By Leon Draisaitl.
12:26 of 2nd period - Stopped by Martin Jones with a rebound.
12:38 of 2nd period - Wrist shot by Zach Hyman.
12:38 of 2nd period - Deflect By Tyler Bertuzzi.
12:38 of 2nd period - Shot Misses the Net.
12:38 of 2nd period - Puck is out of play.
12:39 of 2nd period - Frederik Gauthier wins face-off versus Erik Haula in Senateurs zone.
12:46 of 2nd period - Slapshot by Mark Stuart.
12:46 of 2nd period - Deflect By Jordan Martinook.
12:46 of 2nd period - Stopped by Carter Hart with a rebound.
12:52 of 2nd period - Braydon Coburn is hit by Tyler Bertuzzi and loses puck.
13:07 of 2nd period - Mark Stuart is hit by Jeff Schultz and loses puck.
13:26 of 2nd period - Snap shot by Braydon Coburn.
13:26 of 2nd period - Deflect By Marcus Pettersson.
13:26 of 2nd period - Stopped by Carter Hart with a rebound.
13:32 of 2nd period - Brandon Dubinsky is hit by Marcus Pettersson and loses puck.
13:47 of 2nd period - Dennis Everberg is hit by Mattias Ekholm and loses puck.
14:08 of 2nd period - Wrist shot by Zach Hyman.
14:08 of 2nd period - Goal by Zach Hyman - Oilers : 1 - Senateurs : 3.
14:09 of 2nd period - Brandon Sutter wins face-off versus Connor McDavid in neutral zone.
14:16 of 2nd period - Slapshot by Erik Gudbranson.
14:16 of 2nd period - Shot Misses the Net.
14:18 of 2nd period - Wrist shot by David Backes.
14:18 of 2nd period - Stopped by Carter Hart without a rebound.
14:19 of 2nd period - Connor Brown wins face-off versus Brandon Sutter in Oilers zone.
15:23 of 2nd period - Wrist shot by Derick Brassard.
15:23 of 2nd period - Shot Misses the Net.
15:39 of 2nd period - Wrist shot by Derick Brassard.
15:39 of 2nd period - Deflect By David Backes.
15:39 of 2nd period - Stopped by Carter Hart with a rebound.
15:43 of 2nd period - Snap shot by David Backes.
15:43 of 2nd period - Shot Misses the Net.
15:45 of 2nd period - Snap shot by Brandon Sutter.
15:45 of 2nd period - Shot Blocked by Brady Skjei.
15:47 of 2nd period - Snap shot by Derick Brassard.
15:47 of 2nd period - Shot Misses the Net.
15:49 of 2nd period - Backhand shot by David Backes.
15:49 of 2nd period - Stopped by Carter Hart with a rebound.
15:51 of 2nd period - Snap shot by David Backes.
15:51 of 2nd period - Shot Blocked by Connor McDavid.
15:56 of 2nd period - Minor Penalty to Connor Brown for Roughing.
15:57 of 2nd period - Frederik Gauthier wins face-off versus Erik Haula in Oilers zone.
16:24 of 2nd period - Mark Stuart is hit by Dalton Prout.
16:37 of 2nd period - Jordan Martinook is hit by Ryan Nugent-Hopkins and loses puck.
17:13 of 2nd period - Marcus Pettersson is hit by Mark Stuart and loses puck.
17:56 of 2nd period - Penalty to Connor Brown is over, Connor Brown is back on ice.
18:18 of 2nd period - Snap shot by Mark Jankowski.
18:18 of 2nd period - Shot Misses the Net.
18:37 of 2nd period - Minor Penalty to Tyler Bertuzzi for Hooking.
18:38 of 2nd period - Ryan Nugent-Hopkins wins face-off versus Brandon Sutter in Oilers zone.
18:45 of 2nd period - Wrist shot by Kyle Clifford.
18:45 of 2nd period - Stopped by Martin Jones with a rebound.
19:04 of 2nd period - Icing by Eric Gelinas.
19:05 of 2nd period - Erik Haula wins face-off versus Ryan Nugent-Hopkins in Senateurs zone.
19:50 of 2nd period - Brady Skjei is hit by Mark Stuart and loses puck.
Goals for this period are 1 for Oilers vs 2 for Senateurs.
Shots for this period are 10 for Oilers vs 16 for Senateurs.
3rd period
0:01 of 3rd period - Ryan Nugent-Hopkins wins face-off versus Brandon Sutter in neutral zone.
0:04 of 3rd period - Wrist shot by Brady Skjei.
0:04 of 3rd period - Stopped by Martin Jones without a rebound.
0:05 of 3rd period - Brandon Sutter wins face-off versus Ryan Nugent-Hopkins in Senateurs zone.
0:20 of 3rd period - Slapshot by Brady Skjei.
0:20 of 3rd period - Shot Blocked by Brandon Sutter.
0:37 of 3rd period - Penalty to Tyler Bertuzzi is over, Tyler Bertuzzi is back on ice.
0:49 of 3rd period - Snap shot by Michael Frolik.
0:49 of 3rd period - Stopped by Carter Hart with a rebound.
0:55 of 3rd period - Jordan Martinook is hit by Tyler Bertuzzi and loses puck.
1:28 of 3rd period - Slapshot by Frederik Gauthier.
1:28 of 3rd period - Stopped by Martin Jones without a rebound.
1:29 of 3rd period - Connor McDavid wins face-off versus Brandon Sutter in Senateurs zone.
1:32 of 3rd period - Snap shot by Connor McDavid.
1:32 of 3rd period - Stopped by Martin Jones with a rebound.
1:34 of 3rd period - Backhand shot by Marcus Pettersson.
1:34 of 3rd period - Deflect By Connor Brown.
1:34 of 3rd period - Shot Misses the Net.
1:34 of 3rd period - Puck is out of play.
1:35 of 3rd period - Brandon Sutter wins face-off versus Connor McDavid in Senateurs zone.
2:21 of 3rd period - Dmitry Sinitsyn is hit by Connor McDavid and loses puck.
2:32 of 3rd period - Wrist shot by Connor Brown.
2:32 of 3rd period - Shot Misses the Net.
2:48 of 3rd period - Marcus Pettersson is hit by Derick Brassard and loses puck.
3:27 of 3rd period - Wrist shot by Connor Brown.
3:27 of 3rd period - Deflect By David Backes.
3:27 of 3rd period - Stopped by Martin Jones with a rebound.
3:45 of 3rd period - Slapshot by Kyle Clifford.
3:45 of 3rd period - Shot Blocked by Taylor Chorney.
3:47 of 3rd period - Slapshot by Connor McDavid.
3:47 of 3rd period - Stopped by Martin Jones with a rebound.
4:37 of 3rd period - Wrist shot by Connor Brown.
4:37 of 3rd period - Deflect By Connor McDavid.
4:37 of 3rd period - Shot Misses the Net.
4:37 of 3rd period - Puck is out of play.
4:38 of 3rd period - Leon Draisaitl wins face-off versus Erik Haula in Senateurs zone.
4:52 of 3rd period - Minor Penalty to Braydon Coburn for Hooking.
4:53 of 3rd period - Leon Draisaitl wins face-off versus Erik Haula in Senateurs zone.
4:55 of 3rd period - Slapshot by Ryan Nugent-Hopkins.
4:55 of 3rd period - Stopped by Martin Jones without a rebound.
4:56 of 3rd period - Leon Draisaitl wins face-off versus Erik Haula in Senateurs zone.
5:09 of 3rd period - Snap shot by Ryan Nugent-Hopkins.
5:09 of 3rd period - Stopped by Martin Jones with a rebound.
5:11 of 3rd period - Snap shot by Timo Meier.
5:11 of 3rd period - Deflect By Ryan Nugent-Hopkins.
5:11 of 3rd period - Goal by Ryan Nugent-Hopkins - Oilers : 2 - Senateurs : 3.
5:12 of 3rd period - Leon Draisaitl wins face-off versus Erik Haula in neutral zone.
5:17 of 3rd period - Snap shot by Leon Draisaitl.
5:17 of 3rd period - Stopped by Martin Jones without a rebound.
5:18 of 3rd period - Leon Draisaitl wins face-off versus Erik Haula in Senateurs zone.
5:35 of 3rd period - Wrist shot by Ryan Nugent-Hopkins.
5:35 of 3rd period - Stopped by Martin Jones with a rebound.
5:49 of 3rd period - Snap shot by Brady Skjei.
5:49 of 3rd period - Stopped by Martin Jones with a rebound.
5:51 of 3rd period - Slapshot by Jeff Schultz.
5:51 of 3rd period - Shot Blocked by Jordan Martinook.
6:36 of 3rd period - Slapshot by Ryan Nugent-Hopkins.
6:36 of 3rd period - Stopped by Martin Jones with a rebound.
6:38 of 3rd period - Wrist shot by Timo Meier.
6:38 of 3rd period - Stopped by Martin Jones with a rebound.
6:40 of 3rd period - Snap shot by Dalton Prout.
6:40 of 3rd period - Stopped by Martin Jones with a rebound.
6:50 of 3rd period - Anton Slepyshev is hit by Brandon Dubinsky and loses puck.
7:30 of 3rd period - Snap shot by Anton Slepyshev.
7:30 of 3rd period - Stopped by Martin Jones with a rebound.
10:07 of 3rd period - Brady Skjei is hit by Eric Gelinas and loses puck.
10:20 of 3rd period - Brandon Dubinsky is hit by Connor Brown and loses puck.
10:39 of 3rd period - Snap shot by Ryan Nugent-Hopkins.
10:39 of 3rd period - Stopped by Martin Jones with a rebound.
10:41 of 3rd period - Backhand shot by Marcus Pettersson.
10:41 of 3rd period - Stopped by Martin Jones with a rebound.
10:43 of 3rd period - Snap shot by Leon Draisaitl.
10:43 of 3rd period - Deflect By Ryan Nugent-Hopkins.
10:43 of 3rd period - Shot Blocked by Eric Gelinas.
10:43 of 3rd period - Puck is out of play.
10:44 of 3rd period - Frederik Gauthier wins face-off versus Erik Haula in Senateurs zone.
10:45 of 3rd period - Wrist shot by Zach Hyman.
10:45 of 3rd period - Shot Misses the Net.
11:20 of 3rd period - Snap shot by Taylor Chorney.
11:20 of 3rd period - Shot Blocked by Kyle Clifford.
11:24 of 3rd period - Snap shot by Erik Haula.
11:24 of 3rd period - Stopped by Carter Hart without a rebound.
11:25 of 3rd period - Timo Meier wins face-off versus Brandon Sutter in Oilers zone.
11:25 of 3rd period - Timo Meier is hit by Derick Brassard.
11:28 of 3rd period - Minor Penalty to Timo Meier for High sticking.
11:29 of 3rd period - Brandon Sutter wins face-off versus Ryan Nugent-Hopkins in Oilers zone.
13:28 of 3rd period - Penalty to Timo Meier is over, Timo Meier is back on ice.
13:41 of 3rd period - Off-side.
13:42 of 3rd period - Frederik Gauthier wins face-off versus Tim Schaller in neutral zone.
13:44 of 3rd period - Off-side.
13:45 of 3rd period - Kyle Rau wins face-off versus Frederik Gauthier in neutral zone.
13:56 of 3rd period - Wrist shot by Tyler Bertuzzi.
13:56 of 3rd period - Shot Misses the Net.
13:58 of 3rd period - Slapshot by Tyler Bertuzzi.
13:58 of 3rd period - Shot Misses the Net.
14:00 of 3rd period - Backhand shot by Frederik Gauthier.
14:00 of 3rd period - Deflect By Tyler Bertuzzi.
14:00 of 3rd period - Deflect By Mark Stuart.
14:00 of 3rd period - Goal by Tyler Bertuzzi - Oilers : 3 - Senateurs : 3.
14:01 of 3rd period - Erik Haula wins face-off versus Leon Draisaitl in neutral zone.
14:10 of 3rd period - Wrist shot by Jordan Martinook.
14:10 of 3rd period - Stopped by Carter Hart with a rebound.
14:16 of 3rd period - Slapshot by Jeff Schultz.
14:16 of 3rd period - Deflect By Ryan Nugent-Hopkins.
14:16 of 3rd period - Stopped by Martin Jones without a rebound.
14:17 of 3rd period - Brandon Sutter wins face-off versus Connor McDavid in Senateurs zone.
14:22 of 3rd period - Connor Brown is hit by Brandon Sutter and loses puck.
14:33 of 3rd period - Snap shot by David Backes.
14:33 of 3rd period - Shot Misses the Net.
14:49 of 3rd period - Snap shot by Michael Frolik.
14:49 of 3rd period - Stopped by Carter Hart without a rebound.
14:50 of 3rd period - Leon Draisaitl wins face-off versus Erik Haula in Oilers zone.
14:54 of 3rd period - Off-side.
14:55 of 3rd period - Leon Draisaitl wins face-off versus Erik Haula in neutral zone.
15:04 of 3rd period - Snap shot by Jordan Martinook.
15:04 of 3rd period - Stopped by Carter Hart without a rebound.
15:05 of 3rd period - Leon Draisaitl wins face-off versus Brandon Dubinsky in Oilers zone.
15:10 of 3rd period - Slapshot by Brady Skjei.
15:10 of 3rd period - Shot Blocked by Erik Gudbranson.
15:16 of 3rd period - Snap shot by Ryan Nugent-Hopkins.
15:16 of 3rd period - Shot Blocked by Riley Sheahan.
15:36 of 3rd period - Slapshot by Brady Skjei.
15:36 of 3rd period - Goal by Brady Skjei - Oilers : 4 - Senateurs : 3.
15:37 of 3rd period - Frederik Gauthier wins face-off versus Brandon Dubinsky in neutral zone.
16:01 of 3rd period - Icing by Mark Stuart.
16:02 of 3rd period - Connor McDavid wins face-off versus Brandon Dubinsky in Senateurs zone.
17:30 of 3rd period - Wrist shot by David Backes.
17:30 of 3rd period - Shot Misses the Net.
17:32 of 3rd period - Snap shot by David Backes.
17:32 of 3rd period - Shot Misses the Net.
17:36 of 3rd period - Snap shot by Brandon Sutter.
17:36 of 3rd period - Stopped by Carter Hart without a rebound.
17:37 of 3rd period - Frederik Gauthier wins face-off versus Brandon Dubinsky in Oilers zone.
18:10 of 3rd period - Wrist shot by David Backes.
18:10 of 3rd period - Deflect By Brandon Sutter.
18:10 of 3rd period - Stopped by Carter Hart without a rebound.
18:11 of 3rd period - Brandon Sutter wins face-off versus Connor McDavid in Oilers zone.
19:00 of 3rd period - Senateurs, Martin Jones is pulled from the net.
19:12 of 3rd period - Snap shot by Derick Brassard.
19:12 of 3rd period - Stopped by Carter Hart with a rebound.
19:20 of 3rd period - Kyle Clifford is hit by Derick Brassard and loses puck.
19:26 of 3rd period - Off-side.
19:27 of 3rd period - Joel Quenneville call a timeout for Senateurs.
19:27 of 3rd period - David Backes wins face-off versus Kyle Clifford in neutral zone.
19:30 of 3rd period - Brady Skjei is hit by Derick Brassard and loses puck.
19:52 of 3rd period - Slapshot by Brandon Sutter.
19:52 of 3rd period - Stopped by Carter Hart with a rebound.
19:54 of 3rd period - Snap shot by David Backes.
19:54 of 3rd period - Stopped by Carter Hart with a rebound.
Goals for this period are 3 for Oilers vs 0 for Senateurs.
Shots for this period are 20 for Oilers vs 10 for Senateurs.